Unix NetHack Version 5.0.0-0 post-release - last build May  4 2026 22:22:43 (774f63e81ad911689b3a0859ea89b322d5daca8d,branch:main).

Game began 2026-05-08 07:02:13, ended 2026-05-08 07:35:30.

BSL2425737, lawful female dwarven Valkyrie

                                  ---
                         ----     ..|
                     --- |..|     ..|
                      ..--..    --..|
                       ....- ----...|
         -----         -...--.|.....|
         |..|.  ---  ---............----
         |...*---*---|(................
           -......@.--.......- -.....--
           --.|...i..........---......--
          --|.|........................--
         --.|...........................----
         |.................................-----
         --..........G........)..................-
          |...G.........G....---.G....--  ........|
          ---....--.......|.--|...-- .....---  ...|
            ---.----.--.----- --.--   -- --     ---
              ---  ------      ---
BSL2425737 the Stripling    St:15 Dx:14 Co:20 In:7 Wi:8 Ch:10  Lawful
Dlvl:4  $:20 HP:0(25) Pw:4(4) AC:6  Xp:2 T:1050 

Latest messages:
 What do you want to throw? [$bfg or ?*] *
 In what direction? 6
 You aren't wielding a bow, so you throw your arrow by hand.
 The arrow misses the gnome.
 What do you want to wield? [- abfg or ?*] *
 f - 8 arrows (wielded).
 You swap places with the peaceful gnome.
 You see here an arrow.
 You see here an arrow.
 f - an arrow (9 in total).
 What do you want to throw? [$abfg or ?*] *
 In what direction? 2
 You aren't wielding a bow, so you throw your arrow by hand.
 The arrow misses the gnome.
 You swap places with the peaceful gnome.
 You see here an arrow.
 You swap places with the peaceful gnome.
 You see here an arrow.
 f - an arrow (9 in total).
 The homunculus bites!
 You begin bashing monsters with your arrows.
 You hit the homunculus.
 The homunculus bites!
 You miss the homunculus.
 The homunculus bites!
 You are put to sleep by the homunculus!
 The homunculus bites!
 The homunculus bites!
 The homunculus bites!
 The homunculus bites!
 The homunculus bites!
 The combat suddenly awakens you.
 You miss the homunculus.
 The homunculus bites!
 You miss the homunculus.
 The homunculus bites!
 The homunculus just misses!
 What do you want to wield? [- abfg or ?*] *
 a - a +1 dwarvish spear (weapon in right hand).
 The homunculus bites!
 You are put to sleep by the homunculus!
 The homunculus bites!
 The homunculus bites!
 The homunculus bites!
 You die...
 Do you want your possessions identified? [ynq] (y) y
 Do you want to see your attributes? [ynq] (y) y
 Do you want an account of creatures vanquished? [ynaq] (y) y
 Do you want to see your conduct and achievements? [ynq] (y) y
 Do you want to see the dungeon overview? [ynq] (y) y

Inventory:
 Coins    ('$')
  $ - 20 gold pieces
 Weapons  (')')
  f - 9 +0 arrows
  g - a cursed +2 sling
  b - a +0 dagger (alternate weapon; not wielded)
  a - a +1 dwarvish spear (weapon in right hand)
 Armor    ('[')
  c - an uncursed +3 small shield (being worn)
 Comestibles  ('%')
  d - 3 uncursed food rations
 Scrolls  ('?')
  q - an uncursed scroll of gold detection
 Potions  ('!')
  l - an uncursed potion of see invisible
  j - an uncursed potion of sickness
 Tools    ('(')
  o - an uncursed bell
  e - an uncursed oil lamp
 Gems/Stones  ('*')
  n - an uncursed worthless piece of violet glass
 Boulders/Statues  ('`')
  h - an empty uncursed statue of a goblin

BSL2425737 the Valkyrie's attributes:

Background:
 You were a Stripling, a level 2 dwarven Valkyrie.
 You were lawful, nominally on a mission for Tyr
 who was opposed by Odin (neutral) and Loki (chaotic).
 You were right-handed.
 You were in the Gnomish Mines, on level 4.
 You entered the dungeon 1050 turns ago.
 You had 29 experience points, 11 more were needed to attain level 3.

Basics:
 You had 0 out of 25 hit points.
 You had all 4 energy points (spell power).
 Your armor class was 6.
 Your wallet contained 20 zorkmids.
 Autopickup was off.

Final Characteristics:
 Your strength was 15 (limit:18/100).
 Your dexterity was 14 (limit:20).
 Your constitution was 20 (limit:20).
 Your intelligence was 7 (limit:16).
 Your wisdom was 8 (limit:16).
 Your charisma was 10 (limit:16).

Final Status:
 You weren't hungry.
 You were unencumbered.
 You were wielding a spear.
 You had basic skill with spear.

Final Attributes:
 You were devoutly aligned.
 You were cold resistant.
 You had infravision.
 You are dead.

Miscellaneous:
 You didn't encounter any bones levels.
 Total elapsed playing time was 33 minutes and 16 seconds.

Major events:
 Turn
    1: BSL2425737 the lawful dwarven Valkyrie entered the dungeon
  985: entered the Gnomish Mines
 1050: killed by a homunculus, while sleeping

You didn't know any spells.

Skills:
 Fighting Skills
   bare handed combat [Unskilled]
   two weapon combat  [Unskilled]
   riding             [Unskilled]
 Weapon Skills
   dagger             [Basic]
   axe                [Unskilled]
   pick-axe           [Unskilled]
   short sword        [Unskilled]
   broadsword         [Unskilled]
   long sword         [Unskilled]
   two-handed sword   [Unskilled]
   saber              [Unskilled]
   hammer             [Unskilled]
   quarterstaff       [Unskilled]
   polearms           [Unskilled]
   spear              [Basic]
   trident            [Unskilled]
   lance              [Unskilled]
   sling              [Unskilled]
 Spellcasting Skills
   attack spells      [Unskilled]
   escape spells      [Unskilled]

Voluntary challenges:
 Character rerolling was not enabled.
 You were vegetarian.
 You were an atheist.
 You were illiterate.
 You never genocided any monsters.
 You never polymorphed an object.
 You never changed form.
 You used no wishes.
Achievement:
 You entered the Gnomish Mines.

 The Dungeons of Doom: levels 1 to 3
    Level 1:
       A fountain.
    Level 2:
       A fountain.
    Level 3:
       A sink, a grave, a tree.
       Stairs down to The Gnomish Mines.
 The Gnomish Mines:
    Level 4: <- You were here.
       Final resting place for
          you, killed by a homunculus, while sleeping.


Vanquished creatures:
  a gas spore
  a gecko
  5 jackals
  a fox
  a sewer rat
  4 grid bugs
  3 lichens
  4 newts
20 creatures vanquished.

No species were genocided or became extinct.

Game over:
                       ----------
                      /          \
                     /    REST    \
                    /      IN      \
                   /     PEACE      \
                  /                  \
                  |    BSL2425737    |
                  |      20 Au       |
                  |   killed by a    |
                  |    homunculus    |
                  |                  |
                  |                  |
                  |       2026       |
                 *|     *  *  *      | *
        _________)/\\_//(\/(/\)/\//\/|_)_______

Farvel BSL2425737 the Valkyrie...

You died in The Gnomish Mines on dungeon level 4 with 284 points,
and 20 pieces of gold, after 1050 moves.
You were level 2 with a maximum of 25 hit points when you died.

